 Dungeon Crawl Stone Soup version 0.17-a0-1927-g319369b (webtiles) character file.

6125 Kuldar the Destroyer (level 10, -3/56 HPs)
             Began as an Octopode Wizard on Sept 29, 2015.
             Was a Follower of Vehumet.
             Slain by an unseen horror (8 damage)
             ... on level 10 of the Dungeon.
             The game lasted 00:49:10 (11834 turns).

Kuldar the Destroyer (Octopode Wizard)             Turns: 11834, Time: 00:49:10

Health: -3/56      AC:  2    Str: 15    XL:     10   Next: 89%
Magic:  27/32      EV: 12    Int: 22    God:    Vehumet [*.....]
Gold:   299        SH:  0    Dex: 10    Spells: 5 memorised, 16 levels left

rFire  + . .     SeeInvis .     y - +3 quarterstaff (chaos)
rCold  x . .     Rnd*Rage +     (no shield)
rNeg   + . .     SustAt   .     a - +0 hat
rPois  .         Gourm    .     (no amulet)
rElec  .         Spirit   .     e - +5 ring of strength
rCorr  .         Warding  .     g - ring of fire
rMut   .         Stasis   .     o - ring of magical power
MR     .....                    z - ring of positive energy
Stlth  ++++......               F - +3 ring of strength
                                (no ring)
                                (no ring)
                                (no ring)

@: very slightly contaminated, repel missiles, not resistant to hostile
enchantments, stealthy
A: almost no armour, amphibious, 8 rings, constrict 8, icy blue scales 1,
camouflage 1, berserk 1, blink, dopey 1, regeneration 1, spit poison 1,
gelatinous body 1
a: Spit Poison, Blink, Renounce Religion


You were on level 10 of the Dungeon.
You worshipped Vehumet.
Vehumet was aware of your devotion.
You were very hungry.

You visited 2 branches of the dungeon, and saw 11 of its levels.

You collected 494 gold pieces.
You spent 195 gold pieces at shops.

Inventory:

Hand weapons
 y - a +3 quarterstaff of chaos (weapon)
Armour
 a - a +0 hat (worn)
Jewellery
 e - a +5 ring of strength (left tentacle)
 g - a ring of fire (right tentacle)
 o - a ring of magical power (on tentacle)
 z - a ring of positive energy (on tentacle)
 B - an uncursed amulet of regeneration
 F - a +3 ring of strength (on tentacle)
 L - an uncursed ring of ice {unknown}
Magical devices
 w - a wand of fireball (6)
 D - a wand of fireball (5)
 J - a wand of paralysis (4)
Scrolls
 d - 5 scrolls of identify {unknown}
 h - a scroll of magic mapping {unknown}
 l - 2 scrolls of remove curse {unknown}
 n - 4 scrolls of teleportation {unknown}
 p - 2 scrolls of noise {unknown}
 q - 2 scrolls of fog {unknown}
 u - a scroll of fear {unknown}
 A - a scroll of blinking {unknown}
 E - 2 scrolls of recharging {unknown}
Potions
 f - 4 potions of cancellation {unknown}
 j - 3 potions of curing {unknown}
 k - a potion of might {unknown}
 r - a potion of brilliance {unknown}
 t - a potion of ambrosia {unknown}
 x - a potion of poison {unknown}
 C - 2 potions of haste {unknown}
 G - a potion of flight {unknown}
 H - 3 potions of heal wounds
 I - a potion of resistance {unknown}
 M - a potion of lignification {unknown}
 N - a potion of magic {unknown}
Books
 b - a book of Minor Magic

   Spells                             Type                      Level
   a - Magic Dart                     Conjuration                  1
   b - Blink                          Translocation                2
   c - Call Imp                       Summoning                    2
   d - Repel Missiles                 Charms/Air                   2
   e - Slow                           Hexes                        2
   f - Conjure Flame                  Conjuration/Fire             3
   g - Mephitic Cloud                 Conjuration/Poison/Air       3
 K - a book of Clouds

   Spells                             Type                      Level
   a - Mephitic Cloud                 Conjuration/Poison/Air       3
   b - Conjure Flame                  Conjuration/Fire             3
   c - Poisonous Cloud                Conjuration/Poison/Air       6
   d - Freezing Cloud                 Conjuration/Ice/Air          6
   e - Ring of Flames                 Charms/Fire                  7
Comestibles
 c - 8 bread rations
 i - a royal jelly
 m - 8 meat rations
 s - a beef jerky
 v - 3 slices of pizza


   Skills:
 - Level 2.0 Dodging
 - Level 6.0 Stealth
 * Level 9.3 Spellcasting
 * Level 9.6 Conjurations
   Level 1.0 Summonings
 - Level 3.3 Translocations
 + Level 3.2 Fire Magic
 + Level 3.0 Air Magic
 + Level 4.0 Poison Magic
 + Level 3.8 Evocations


You had 16 spell levels left.
You knew the following spells:

 Your Spells              Type           Power        Failure   Level  Hunger
a - Magic Dart            Conj           ####         1%          1    None
b - Blink                 Tloc           N/A          2%          2    None
c - Repel Missiles        Chrm/Air       ###...       8%          2    None
e - Conjure Flame         Conj/Fire      ######..     1%          3    None
h - Mephitic Cloud        Conj/Pois/Air  ####....     1%          3    None


Dungeon Overview and Level Annotations

Branches:
Dungeon (10/15)            Temple (1/1) D:7
   Lair: D:8-11         Orc: D:9-12

Altars:
Ashenzari
Cheibriados
Elyvilon
Gozag
Kikubaaqudgha
Makhleb
Nemelex Xobeh
Okawaru
Qazlal
Sif Muna
Trog
Vehumet
Xom
Yredelemnul
Zin

Shops:
D:6 !


Innate Abilities, Weirdness & Mutations

You cannot wear most types of armour.
You are amphibious.
You can wear up to eight rings at the same time.
You can use your tentacles to constrict eight enemies at once.
Your skin changes colour to match your surroundings (Stealth).
Your rubbery body absorbs attacks (AC +1).
You are partially covered in icy blue scales (AC +1).
You tend to lose your temper in combat.
You can translocate small distances at will.
You are dopey. (Int -2)
Your natural rate of healing is unusually fast.
You can spit weak poison.


Message History

Something hits you!
* * * LOW HITPOINT WARNING * * *
Unknown command.
Something hits the yak but does no damage.
The yak is engulfed in noxious fumes.
The yak appears confused.
The yak gores the yak.
The yak is engulfed in noxious fumes.
The yak is engulfed in noxious fumes.
The yak appears confused.
The yak barely misses itself.
The yak is engulfed in noxious fumes. x2
The yak appears confused.
The yak is engulfed in noxious fumes.
The yak appears confused.
The yak is engulfed in noxious fumes.
The yak appears confused.
The yak gores the yak!
You hit something. You burn something. You squeeze something.
The yak is engulfed in noxious fumes. x2
The yak appears confused.
The yak is engulfed in noxious fumes.
The yak appears confused.
The yak gores the yak.
The yak is engulfed in noxious fumes.
The yak appears confused.
Unknown command.
Something hits you!
You die...

##.## #..# ##.# ####
#†#### ##..####
##....#
##......###..##.....
#.........#.## ###.
##..........##
#..Y....@....#
##...Y........#
#....§Y§Y.....#
#....Y§.......#
#.....§.......#
#.............#
#............##
#.....Y......#
##..........##


You could see 6 yaks.

Vanquished Creatures
  Erolcha (D:8)
  The ghost of Herrn the Covered, an average NaFi (D:4)
  A troll (D:8)
  Prince Ribbit (D:8)
  Sigmund (D:5)
  A water moccasin (D:10)
  A necrophage (D:6)
  5 sky beasts
  4 ice beasts
  2 black bears (D:9)
  7 ogres
  5 centaurs
  2 phantoms
  2 giant frogs
  A scorpion (D:4)
  3 killer bees (D:9)
  8 wights
  2 giant frog zombies
  2 centaur zombies
  A giant frog skeleton (D:5)
  6 crimson imps
  5 hounds
  A jelly (D:9)
  Crazy Yiuf (D:5)
  4 iguanas
  A centaur skeleton (D:8)
  10 orc wizards
  An orc priest (D:5)
  3 worker ants
  A hound skeleton (D:4)
  11 adders
  A gnoll (D:5)
  An ooze (D:5)
  2 adder zombies
  4 worms
  4 adder skeletons
  31 orcs
  9 bats
  3 giant cockroaches
  9 hobgoblins
  11 jackals
  2 quokkas
  A ball python (D:5)
  A ball python skeleton (D:4)
  5 giant geckos
  A giant gecko zombie (D:5)
  11 goblins
  A jackal zombie (D:8)
  5 kobolds
  2 quokka skeletons
  16 rats
215 creatures vanquished.

Vanquished Creatures (collateral kills)
  A centaur skeleton (D:8)
1 creature vanquished.

Grand Total: 216 creatures vanquished

Notes
Turn   | Place    | Note
--------------------------------------------------------------
     0 | D:1      | Kuldar the Octopode Wizard began the quest for the Orb.
     0 | D:1      | Reached XP level 1. HP: 11/11 MP: 4/4
   256 | D:1      | Reached XP level 2. HP: 9/17 MP: 0/6
   763 | D:1      | Reached XP level 3. HP: 17/21 MP: 1/7
   999 | D:2      | Learned a level 2 spell: Blink
  1002 | D:2      | Learned a level 2 spell: Repel Missiles
  1006 | D:2      | Learned a level 3 spell: Conjure Flame
  1136 | D:2      | Found a shattered altar of Ashenzari.
  1464 | D:2      | Found an opulent altar of Gozag.
  1506 | D:2      | Reached XP level 4. HP: 12/27 MP: 0/9
  2453 | D:3      | Found a sparkling altar of Nemelex Xobeh.
  2455 | D:3      | Found a deep blue altar of Sif Muna.
  2456 | D:3      | Found a basalt altar of Yredelemnul.
  2829 | D:3      | Reached XP level 5. HP: 31/31 MP: 6/10
  3119 | D:4      | Reached skill level 4 in Spellcasting
  3355 | D:4      | Noticed an ogre
  3376 | D:4      | Noticed a phantom
  3416 | D:4      | Killed an ogre
  3416 | D:4      | Reached XP level 6. HP: 29/36 MP: 0/12
  3472 | D:4      | Noticed Herrn's ghost (average NaFi)
  3833 | D:4      | Learned a level 3 spell: Mephitic Cloud
  3956 | D:4      | Reached skill level 5 in Conjurations
  4029 | D:4      | Noticed an ogre
  4040 | D:4      | Killed an ogre
  4040 | D:4      | Reached skill level 5 in Spellcasting
  4040 | D:4      | Reached XP level 7. HP: 22/41 MP: 0/14
  4776 | D:4      | Killed a phantom
  5197 | D:4      | Killed Herrn's ghost
  5197 | D:4      | Reached skill level 6 in Spellcasting
  5197 | D:4      | Reached XP level 8. HP: 46/46 MP: 3/17
  5390 | D:5      | Entered Level 5 of the Dungeon
  5917 | D:5      | Found a snail-covered altar of Cheibriados.
  5953 | D:5      | Noticed Sigmund
  5963 | D:5      | Killed Sigmund
  5963 | D:5      | Reached skill level 7 in Conjurations
  6256 | D:5      | Gained mutation: Your muscles are strong. (Str +2) [mutagenic meat]
  6258 | D:5      | Gained mutation: You are dopey. (Int -2) [mutagenic meat]
  6259 | D:5      | Gained mutation: You tend to lose your temper in combat. [mutagenic meat]
  7088 | D:5      | Noticed Crazy Yiuf
  7101 | D:5      | Killed Crazy Yiuf
  7101 | D:5      | Reached XP level 9. HP: 51/51 MP: 8/20
  7291 | D:6      | Reached skill level 8 in Conjurations
  7726 | D:6      | Gained mutation: Your natural rate of healing is unusually fast. [mutagenic meat]
  7727 | D:6      | Gained mutation: You are partially covered in icy blue scales (AC +1). [mutagenic meat]
  7728 | D:6      | Gained mutation: You can translocate small distances at will. [mutagenic meat]
  8146 | D:6      | Found Gin Hore's Distillery.
  8152 | D:6      | Bought a potion of heal wounds for 65 gold pieces
  8152 | D:6      | Bought a potion of heal wounds for 65 gold pieces
  8152 | D:6      | Bought a potion of heal wounds for 65 gold pieces
  8153 | D:6      | Found a bloodstained altar of Trog.
  8164 | D:6      | Reached skill level 1 in Evocations
  8912 | D:7      | Reached skill level 1 in Fire Magic
  8912 | D:7      | Reached skill level 1 in Air Magic
  8912 | D:7      | Reached skill level 1 in Poison Magic
  9365 | D:7      | Found a staircase to the Ecumenical Temple.
  9466 | Temple   | Entered the Ecumenical Temple
  9552 | Temple   | Became a worshipper of Vehumet
  9727 | D:8      | Reached XP level 10. HP: 44/56 MP: 22/22
  9854 | D:8      | Reached skill level 9 in Conjurations
 10073 | D:8      | Reached skill level 5 in Stealth
 10373 | D:8      | Noticed Erolcha
 10380 | D:8      | Killed Erolcha
 10390 | D:8      | Noticed Prince Ribbit
 10408 | D:8      | Killed Prince Ribbit
 10447 | D:8      | Found a glowing silver altar of Zin.
 10480 | D:8      | Noticed a centaur zombie
 10512 | D:8      | Killed a centaur zombie
 10965 | D:9      | Found a bloodstained altar of Trog.
 10999 | D:9      | Acquired Vehumet's first power
 10999 | D:9      | Offered knowledge of Shock by Vehumet.
 11025 | D:9      | Lost mutation: Your muscles are strong. (Str +2) [mutagenic meat]
 11026 | D:9      | Gained mutation: You can spit weak poison. [mutagenic meat]
 11585 | D:9      | Found a shattered altar of Ashenzari.
 11597 | D:9      | Found a shimmering altar of Xom.
 11745 | D:10     | Entered Level 10 of the Dungeon
 11834 | D:10     | Slain by an unseen horror

Vault maps used:
D:1:      dpeg_arrival_fog
D:2:      lemuel_crystal_altar, first_bread, nicolae_ashenzari_panopticon
D:3:      grunt_temple_overflow_open, kennysheep_cross_room,
          serial_bayou_pond_c, roderic_roman_lattice
D:5:      wad_river_or_something, kennysheep_mini, serial_glass,
          glass_columns_c, glass_columns_c, uniq_crazy_yiuf_cottage,
          uniq_sigmund
D:6:      serial_shops, shop, hangedman_decor_diamond_cutter,
          trog_three_pillars_becter
D:7:      minmay_temple_entry_enclosed_plants
D:8:      kennysheep_mini_moat, uniq_prince_ribbit1, uniq_erolcha
D:9:      amethyst_overflow_temple_binary, trog_ov_bears_minmay
D:10:     basic_altar
Temple:   chambers_temple_10

Action                   |  1- 3 |  4- 6 |  7- 9 | 10-12 || total
-------------------------+-------+-------+-------+-------++-------
Melee: Unarmed           |    34 |    32 |    15 |       ||    81
       Quarterstaff      |       |       |    29 |    27 ||    56
 Cast: Magic Dart        |    86 |   129 |   409 |   131 ||   755
       Conjure Flame     |     1 |     7 |    19 |    13 ||    40
       Blink             |       |     3 |    12 |     6 ||    21
       Mephitic Cloud    |       |     1 |    20 |     9 ||    30
       Repel Missiles    |       |       |     2 |       ||     2
 Abil: Spit Poison       |       |       |       |     1 ||     1
 Stab: Sleeping          |       |     1 |     1 |       ||     2
       Confused          |       |       |     1 |       ||     1
  Eat: Chunk             |     2 |     8 |    26 |     5 ||    41
       Fruit             |       |       |       |     2 ||     2
       Beef jerky        |       |       |       |     1 ||     1
